 Dungeon Crawl Stone Soup version 0.20.1-1-g8b1a95d (webtiles) character file.

154953 stebl the Slayer (level 17, -9/142 HPs)
             Began as a Merfolk Gladiator on July 10, 2017.
             Was a High Priest of Hepliaklqana.
             Killed from afar by Azrael (13 damage)
             ... with damnation
             ... on level 3 of the Spider Nest on July 11, 2017.
             The game lasted 02:37:12 (34508 turns).

stebl the Slayer (Merfolk Gladiator)               Turns: 34508, Time: 02:37:13

Health: -9/142     AC: 25    Str: 26    XL:     17   Next: 34%
Magic:  12/21      EV: 24    Int:  7    God:    Hepliaklqana [*****.]
Gold:   963        SH:  0    Dex: 17    Spells: 5/16 levels left

rFire    . . .     SeeInvis +   e - +0 glaive (protect)
rCold    . . .     Gourm    .   (shield currently unavailable)
rNeg     + . .     Faith    .   A - +0 swamp dragon scales
rPois    +         Spirit   .   c - +2 helmet
rElec    .         Reflect  .   F - +0 cloak of the Saviour {+Fly rN+ SInv}
rCorr    .         Harm     .   Y - +2 pair of gloves {Str+3}
MR       +....                  h - +1 pair of boots
Stlth    +.........             Z - amulet of rage
Regen    0.4/turn               D - +1 ring of slaying
MPRegen  0.2/turn               p - +3 ring of strength

@: protection aura, very slightly contaminated
A: change form in water, swift swim, stealthy swim, reduced essence
}: 1/15 runes: decaying
a: Recall Ancestor, Ancestor Identity, Transference, Idealise, Renounce
Religion, Evoke Berserk Rage, Evoke Flight


You were on level 3 of the Spider Nest.
You worshipped Hepliaklqana.
Hepliaklqana was extremely pleased with you.
You were not hungry.

You visited 6 branches of the dungeon, and saw 26 of its levels.

You collected 2869 gold pieces.
You spent 1906 gold pieces at shops.

Inventory:

Hand Weapons
 b - a +0 blowgun
 e - a +0 glaive of protection (weapon)
Missiles
 k - 4 steel tomahawks
 s - 3 needles of paralysis
 C - 8 needles of sleeping
 G - 9 tomahawks of returning
 L - 52 tomahawks (quivered)
Armour
 c - a +2 helmet (worn)
 h - a +1 pair of boots (worn)
 x - a +3 chain mail of cold resistance
 A - +0 swamp dragon scales (worn)
 F - the +0 cloak of the Saviour (worn) {+Fly rN+ SInv}
   (You found it on level 5 of the Dungeon)

   It protects you from negative energy.
   It lets you see invisible.
   It lets you fly.
 Y - a +2 pair of gloves of strength (worn)
Jewellery
 a - an uncursed ring of resist corrosion
 p - a +3 ring of strength (right hand)
 v - an uncursed ring of protection from fire
 D - a +1 ring of slaying (left hand)
 I - an uncursed ring of positive energy
 Z - an amulet of rage (around neck)
Wands
 r - a wand of acid (2/15)
 u - a wand of digging (24/24)
 E - a wand of confusion (18/48)
 N - a wand of polymorph (4/24)
 P - a wand of lightning (6/15)
 S - a wand of disintegration (9/24)
 W - a wand of acid (15/15)
Scrolls
 d - a scroll of magic mapping
 i - 3 scrolls of blinking
 j - 2 scrolls of identify
 m - 8 scrolls of teleportation
 t - a scroll of enchant weapon
 w - 9 scrolls of recharging
 y - 11 scrolls of remove curse
 J - 2 scrolls of holy word
 K - 2 scrolls of silence
 O - 2 scrolls of enchant armour
 R - 2 scrolls of fog
 X - 4 scrolls of summoning
Potions
 g - 8 potions of heal wounds
 n - 12 potions of curing
 o - 3 potions of cancellation
 q - 3 potions of agility
 z - 5 potions of resistance
 B - 5 potions of haste
 H - 3 potions of might
 M - 2 potions of ambrosia
 Q - a potion of invisibility
 U - 4 potions of magic
 V - a potion of berserk rage
Comestibles
 f - 9 bread rations
 T - a royal jelly


   Skills:
 + Level 21.0 Fighting
 - Level 20.0 Polearms
 - Level 2.0 Throwing
 + Level 4.4 Armour
 + Level 17.5 Dodging
 - Level 3.7 Charms
 - Level 3.0 Necromancy
 - Level 6.0 Invocations
 - Level 2.0 Evocations


You had 5 spell levels left.
You knew the following spells:

 Your Spells              Type           Power        Failure   Level  Hunger
a - Regeneration          Chrm/Necr      #.........   45%         3    ####...
b - Apportation           Tloc           #.....       56%         1    ##.....
c - Summon Butterflies    Summ           #.......     56%         1    ##.....
d - Deflect Missiles      Chrm/Air       #.........   100%        6    #######


Dungeon Overview and Level Annotations

Branches:
Dungeon (10/15)            Temple (1/1) D:7            Lair (6/6) D:8
  Swamp (4/4) Lair:3       Spider (3/4) Lair:2        Slime (0/5) Lair:5
    Orc (2/2) D:10            Elf (0/3) Orc:2

Altars:
Ashenzari
Cheibriados
Dithmenos
Elyvilon
Fedhas
Gozag
Hepliaklqana
Kikubaaqudgha
Makhleb
Nemelex Xobeh
Okawaru
Qazlal
Ru
Sif Muna
Trog
Uskayaw
Vehumet
Xom
Yredelemnul
Zin
The Shining One
Beogh
Jiyva

Shops:
D:5 !   Orc:1 (}   Orc:2 =!**

Annotations:
D:9 exclusion: ice statue
Swamp:3 exclusion: upstairs
Swamp:4 Lernaean hydra
Spider:3 Azrael


Message History

Azrael is almost dead.
You hear a bark!
Azrael gestures at you.
The sphere of damnation explodes!
The damnation engulfs you!
* * * LOW HITPOINT WARNING * * *
The damnation engulfs Azrael.
Azrael completely resists.
A hell hound comes into view.
You hit Azrael.
Azrael is almost dead.
Azrael gestures at you. The bolt of fire hits you!
* * * LOW HITPOINT WARNING * * *
Okay, then.
Blink to where?
Press: ? - help, Dir - move target cursor, p - Azrael You are very lightly contaminated with residual magic.
As you read the scroll of blinking, it crumbles to dust.
Azrael gestures at you.
The sphere of damnation explodes!
The damnation engulfs you!
You die...

#.#†.#.# .#
..........
#...## #
...######.
#...#).# $.
## #....
#..##..# .#
#.....#.
#..#...##
##.# ..#...#.
#.
##...###.#.#
#.#... #
##..^#.#..#
###...
#.........#
##..
#..#..@..##
..#
#..#.##..#
...
...####...#
##..
...##......#
#..
..##.^.###^h#
.. ... #.#§#
.# #..[R#
#.#.#h.
^..#...##


You could see Azrael and 2 hell hounds.

Vanquished Creatures
  Jorgrun (Swamp:3)
  Arachne (Spider:2)
  Asterion (Spider:3)
  A thorn hunter (Swamp:4)
  Donald (Spider:2)
  2 orc warlords (Orc:2)
  A ghost moth (Spider:3)
  3 emperor scorpions
  An entropy weaver (Spider:2)
  11 hydras
  2 ghost crabs
  The ghost of renl the Devastator, a journeyman DrCj of Vehumet (Lair:3)
  13 alligators
  The ghost of howech the Cleaver, a novice DDFi of Makhleb (D:9)
  7 swamp dragons (Swamp:4)
  2 lindwurms
  The ghost of Nelagend the Covert, a novice SpAs (D:6)
  5 orb spiders
  4 orc sorcerers
  21 wolf spiders
  2 black mambas
  An elephant (D:8)
  Psyche (D:8)
  A torpor snail (Lair:5)
  13 spiny frogs
  A rime drake (Lair:5)
  6 komodo dragons
  4 demonic crawlers
  3 trolls
  A queen bee (D:8)
  3 polar bears
  27 jumping spiders
  12 hornets
  A tyrant leech (Swamp:3)
  11 slime creatures
  8 dream sheep
  Grinder (D:6)
  7 bog bodies
  3 hippogriffs
  A shadow (Swamp:3)
  29 redbacks
  14 tarantellas
  10 spriggans
  3 wraiths (Lair:6)
  20 yaks
  A wyvern (D:9)
  A basilisk (Lair:5)
  2 hungry ghosts
  2 steam dragons
  Eustachio (D:6)
  14 swamp worms
  20 vampire mosquitoes
  7 wargs
  9 insubstantial wisps
  Duvessa (D:6)
  8 water moccasins
  12 swamp drakes
  A sky beast (D:9)
  A floating eye (D:8)
  7 porcupines
  2 ice beasts
  21 orc warriors
  5 black bears
  2 phantoms
  3 necrophages
  6 ogres
  43 wolves
  3 boggarts (Lair:6)
  4 centaurs
  9 crocodiles
  14 bullfrogs
  A wyvern skeleton (D:9)
  Dowan (D:6)
  5 scorpions
  A water moccasin skeleton (D:4)
  21 killer bees
  11 wights
  3 howler monkeys
  An electric eel (Spider:2)
  5 crimson imps
  A quasit (D:9)
  10 orc priests
  Crazy Yiuf (D:2)
  3 hounds
  A jelly (D:10)
  2 iguanas
  33 orc wizards
  12 worker ants
  A killer bee zombie (D:4)
  A hound zombie (D:10)
  A hound skeleton (D:5)
  A worker ant zombie (D:9)
  A howler monkey zombie (D:8)
  3 gnolls (D:9)
  14 adders
  4 shadow imps
  2 oozes
  3 worms
  4 dart slugs
  6 leopard geckos
  67 orcs
  3 ball pythons
  3 giant cockroaches
  4 goblins
  8 hobgoblins
  11 jackals
  4 quokkas
  6 bats
  6 frilled lizards
  A giant cockroach zombie (D:5)
  A jackal skeleton (D:4)
  A jackal zombie (D:8)
  5 kobolds
  A quokka skeleton (D:4)
  6 rats
742 creatures vanquished.

Vanquished Creatures (collateral kills)
  2 entropy weavers
  Josephine (Lair:6)
  The ghost of vulsuck the Unseen, a journeyman SpEn of Gozag (Orc:1)
  6 hydras
  4 alligators
  A swamp dragon (Swamp:4)
  2 orb spiders (Spider:1)
  4 wolf spiders
  3 orc sorcerers (Orc:2)
  3 spiny frogs
  2 demonic crawlers (Spider:1)
  2 komodo dragons
  A tyrant leech (Swamp:3)
  5 jumping spiders
  4 hornets
  4 slime creatures (Swamp:4)
  2 bog bodies
  5 dream sheep
  3 blink frogs
  3 hippogriffs
  8 spriggans
  3 tarantellas
  A shadow (Swamp:3)
  9 redbacks
  5 yaks
  A wraith (Lair:6)
  2 basilisks
  An insubstantial wisp (Swamp:3)
  A warg (Orc:2)
  2 vampire mosquitoes (Swamp:1)
  5 swamp worms
  2 porcupines
  2 black bears (Lair:6)
  3 swamp drakes (Swamp:4)
  3 orc warriors
  A phantom (D:8)
  3 necrophages (Lair:4)
  A centaur (D:9)
  2 boggarts (Lair:6)
  12 wolves
  5 bullfrogs
  3 killer bees (D:8)
  A wight (D:9)
  An electric eel (Lair:4)
  2 orc priests (Orc:1)
  7 orc wizards
  A gnoll (D:9)
  18 orcs
163 creatures vanquished.

Vanquished Creatures (others)
  An alligator (Swamp:1)
  A rime drake (Lair:5)
  2 slime creatures (Swamp:4)
  A redback (Spider:3)
  8 ancestors
  27 knights
  37 fungi
  8 plants
85 creatures vanquished.

Grand Total: 990 creatures vanquished

Notes
Turn   | Place    | Note
-------+----------+-------------------------------------------
     0 | D:1      | stebl the Merfolk Gladiator began the quest for the Orb.
     0 | D:1      | Reached XP level 1. HP: 16/16 MP: 1/1
   292 | D:1      | Reached skill level 5 in Polearms
   374 | D:1      | Reached XP level 2. HP: 22/22 MP: 2/2
   758 | D:1      | Reached XP level 3. HP: 27/27 MP: 3/3
   877 | D:2      | Found a runed door.
  1338 | D:2      | Reached XP level 4. HP: 34/34 MP: 4/4
  1618 | D:2      | Reached skill level 3 in Fighting
  1763 | D:2      | Noticed Crazy Yiuf
  1772 | D:2      | Killed Crazy Yiuf
  1930 | D:3      | Reached XP level 5. HP: 41/41 MP: 5/5
  1966 | D:3      | Reached skill level 5 in Dodging
  2220 | D:3      | Reached skill level 4 in Fighting
  2412 | D:3      | Found a bloodstained altar of Trog.
  2667 | D:4      | Reached XP level 6. HP: 41/49 MP: 6/6
  2916 | D:4      | Reached skill level 5 in Fighting
  3662 | D:4      | Reached XP level 7. HP: 44/57 MP: 7/7
  3735 | D:4      | Reached skill level 6 in Fighting
  3885 | D:4      | Found a sparkling altar of Nemelex Xobeh.
  3885 | D:4      | Found a sacrificial altar of Ru.
  4284 | D:5      | Entered Level 5 of the Dungeon
  4307 | D:4      | Reached skill level 7 in Fighting
  4758 | D:5      | Reached XP level 8. HP: 65/67 MP: 8/8
  4918 | D:5      | Got a steaming cloak
  4929 | D:5      | Identified the cursed +0 cloak of the Saviour {+Fly rN+ SInv} (You found it on level 5 of the Dungeon)
  5194 | D:5      | Found Nezir's Distillery.
  5433 | D:6      | Noticed Nelagend's ghost (novice SpAs)
  5463 | D:6      | Killed Nelagend's ghost
  5463 | D:6      | Reached skill level 8 in Fighting
  5601 | D:6      | Found a white marble altar of Elyvilon.
  5656 | D:6      | Reached skill level 10 in Polearms
  5696 | D:6      | Noticed Grinder
  5707 | D:6      | Killed Grinder
  5707 | D:6      | Reached XP level 9. HP: 59/75 MP: 9/9
  5854 | D:5      | Reached skill level 9 in Fighting
  5891 | D:6      | Noticed Duvessa
  5924 | D:6      | Killed Duvessa
  6016 | D:6      | Noticed Dowan
  6262 | D:6      | Noticed Eustachio
  6268 | D:6      | Killed Eustachio
  6268 | D:6      | Reached skill level 10 in Fighting
  6366 | D:6      | Killed Dowan
  6404 | D:7      | Found a staircase to the Ecumenical Temple.
  6411 | Temple   | Entered the Ecumenical Temple
  6604 | Temple   | Became a worshipper of Hepliaklqana the Forgotten
  7087 | D:7      | Reached skill level 11 in Fighting
  7180 | D:7      | Reached XP level 10. HP: 79/79 MP: 10/10
  7533 | D:8      | Noticed Psyche
  7545 | D:8      | Killed Psyche
  7590 | D:8      | Reached * piety under Hepliaklqana
  7592 | D:8      | Noticed a two-headed ogre
  7906 | D:8      | Noticed a two-headed ogre
  7918 | D:8      | a two-headed ogre changed into a floating eye
  7919 | D:8      | Reached skill level 12 in Fighting
  7929 | D:8      | Found a staircase to the Lair.
  8243 | D:8      | Reached skill level 13 in Fighting
  8333 | D:8      | Noticed an elephant
  8333 | D:8      | a two-headed ogre changed into an elephant
  8338 | D:8      | Killed an elephant
  8619 | D:8      | Reached XP level 11. HP: 89/89 MP: 11/11
  8947 | D:8      | Found a blossoming altar of Fedhas.
  9054 | Lair:1   | Entered Level 1 of the Lair of Beasts
  9311 | Lair:1   | Reached ** piety under Hepliaklqana
  9312 | Lair:1   | Remembered your ancestor Simosihle as a knight
  9502 | Lair:1   | Reached skill level 10 in Dodging
  9560 | Lair:1   | Reached skill level 14 in Fighting
 10423 | Lair:2   | Reached skill level 15 in Fighting
 11083 | Lair:2   | Found a hole to the Spider Nest.
 11361 | Lair:2   | Reached XP level 12. HP: 98/98 MP: 12/12
 11599 | Lair:3   | Reached *** piety under Hepliaklqana
 12073 | Lair:3   | Found a staircase to the Swamp.
 12122 | Lair:3   | Noticed renl's ghost (journeyman DrCj)
 12182 | Lair:3   | Killed renl's ghost
 13138 | Lair:4   | Reached **** piety under Hepliaklqana
 13240 | Lair:3   | Noticed an alligator
 13252 | Lair:3   | Killed an alligator
 14156 | Lair:5   | Reached skill level 15 in Polearms
 14291 | Lair:5   | Reached ***** piety under Hepliaklqana
 14651 | Lair:5   | Found a viscous altar of Jiyva.
 14652 | Lair:5   | Found a staircase to the Slime Pits.
 14691 | Lair:5   | Reached skill level 1 in Evocations
 14965 | Lair:6   | Entered Level 6 of the Lair of Beasts
 14977 | Lair:6   | Reached skill level 1 in Invocations
 14977 | Lair:6   | Reached XP level 13. HP: 80/103 MP: 14/14
 15168 | Lair:6   | Noticed Josephine
 16159 | Lair:6   | Killed Josephine
 16346 | Lair:6   | Reached skill level 16 in Fighting
 16363 | Lair:6   | Reached skill level 5 in Invocations
 17465 | D:8      | Learned a level 3 spell: Regeneration
 17516 | D:9      | Noticed howech's ghost (novice DDFi)
 17526 | D:9      | Killed howech's ghost
 17654 | D:9      | Reached skill level 17 in Fighting
 18329 | D:9      | Reached skill level 1 in Charms
 18466 | D:10     | Entered Level 10 of the Dungeon
 18583 | D:10     | Found a staircase to the Orcish Mines.
 18672 | D:10     | Reached skill level 1 in Necromancy
 19177 | Orc:1    | Entered Level 1 of the Orcish Mines
 19393 | Orc:1    | Found Xoib's Gadget Shoppe.
 19407 | Orc:1    | Reached XP level 14. HP: 105/114 MP: 18/18
 19505 | Orc:2    | Entered Level 2 of the Orcish Mines
 19870 | Orc:2    | Found a staircase to the Elven Halls.
 19919 | Orc:2    | Noticed an orc warlord
 19935 | Orc:2    | Killed an orc warlord
 20568 | Orc:2    | Found Sim Vuic's Jewellery Shoppe.
 20568 | Orc:2    | Found Veuggaug's Distillery.
 20582 | Orc:2    | Bought a potion of heal wounds for 70 gold pieces
 20609 | Orc:2    | Found a roughly hewn altar of Beogh.
 20960 | Orc:2    | Noticed an orc warlord
 20987 | Orc:2    | Killed an orc warlord
 21073 | Orc:2    | Found Jupufil's Assorted Antiques.
 21073 | Orc:2    | Found Xymegint's Assorted Antiques.
 21087 | Orc:2    | Bought a potion of haste for 270 gold pieces
 21087 | Orc:2    | Bought a scroll of identify for 54 gold pieces
 21087 | Orc:2    | Bought a scroll of identify for 54 gold pieces
 21087 | Orc:2    | Bought a pair of glowing gloves for 202 gold pieces
 21101 | Orc:2    | Bought a scroll of enchant armour for 210 gold pieces
 21101 | Orc:2    | Bought a scroll of enchant armour for 210 gold pieces
 21101 | Orc:2    | Bought a potion of heal wounds for 140 gold pieces
 21101 | Orc:2    | Bought a scroll labeled KUSHRU OLAOC for 28 gold pieces
 21167 | Orc:1    | Found a roughly hewn altar of Beogh.
 21168 | Orc:1    | Noticed vulsuck's ghost (journeyman SpEn)
 21180 | Orc:1    | Killed vulsuck's ghost
 21357 | Orc:1    | Found Qofuwal's Weapon Emporium.
 21458 | Orc:1    | Reached skill level 15 in Dodging
 21680 | Orc:2    | Bought a potion of might for 56 gold pieces
 21680 | Orc:2    | Bought a potion of might for 56 gold pieces
 21680 | Orc:2    | Bought a potion of resistance for 140 gold pieces
 21680 | Orc:2    | Bought 2 potions of curing for 84 gold pieces
 21680 | Orc:2    | Bought a potion of curing for 42 gold pieces
 21680 | Orc:2    | Bought a potion of heal wounds for 70 gold pieces
 21689 | Orc:2    | Bought an uncursed ring of poison resistance for 220 gold pieces
 21901 | Spider:1 | Entered Level 1 of the Spider Nest
 21901 | Spider:1 | Noticed an entropy weaver
 22061 | Spider:1 | Killed an entropy weaver
 22504 | Spider:1 | Noticed an emperor scorpion
 23092 | Swamp:1  | Entered Level 1 of the Swamp
 23198 | Swamp:1  | Reached ****** piety under Hepliaklqana
 23335 | Swamp:1  | Reached skill level 18 in Fighting
 23941 | Swamp:2  | Noticed a thorn hunter
 24495 | Swamp:2  | Noticed a thorn hunter
 24706 | Swamp:2  | Reached XP level 15. HP: 108/122 MP: 19/19
 25376 | Swamp:3  | Noticed Jorgrun
 25544 | Swamp:3  | Killed Jorgrun
 25924 | Swamp:3  | Reached skill level 19 in Fighting
 25985 | Swamp:3  | Got a translucent trident
 25986 | Swamp:3  | Identified the +3 trident "Otuf" {venom, rC+} (You found it on level 3 of the Swamp)
 26156 | Swamp:4  | Entered Level 4 of the Swamp
 27002 | Swamp:4  | Learned a level 1 spell: Apportation
 29267 | Swamp:4  | Noticed the 27-headed Lernaean hydra
 29292 | Swamp:3  | Reached XP level 16. HP: 96/132 MP: 15/20
 30329 | Swamp:4  | Noticed a thorn hunter
 30367 | Swamp:4  | Killed a thorn hunter
 30377 | Swamp:4  | Got a decaying rune of Zot
 30823 | Spider:1 | Reached skill level 20 in Fighting
 30885 | Spider:1 | Reached skill level 1 in Armour
 31662 | Spider:1 | Learned a level 1 spell: Summon Butterflies
 31932 | Spider:2 | Noticed Donald
 31970 | Spider:2 | Killed Donald
 32327 | Spider:2 | Learned a level 6 spell: Deflect Missiles
 32528 | Spider:2 | Noticed Arachne
 32537 | Spider:2 | Killed Arachne
 32678 | Spider:2 | Reached XP level 17. HP: 141/141 MP: 21/21
 33566 | Spider:3 | Noticed Asterion
 34378 | Spider:3 | Killed Asterion
 34378 | Spider:3 | Reached skill level 21 in Fighting
 34497 | Spider:3 | Noticed Azrael
 34507 | Spider:3 | HP: 4/142 [Azrael/bolt of fire (13)]
 34508 | Spider:3 | Killed from afar by Azrael

Skill      XL: |  1  2  3  4  5  6  7  8  9 10 11 12 13 14 15 16 17 |
---------------+----------------------------------------------------+-----
Polearms       | 5 6 10 11 12 16 19 20 | 20.0
Fighting       | 3 4 5 7 8 11 13 15 17 18 19 20 21 | 21.0
Dodging        | 5 6 7 8 9 11 13 14 15 16 17 | 17.5
Evocations     | 2 |  2.0
Invocations    | 1 6 |  6.0
Charms         | 2 3 |  3.7
Necromancy     | 1 3 |  3.0
Armour         | 3 4 |  4.4
Throwing       | |  2.0

Action                   |  1- 3 |  4- 6 |  7- 9 | 10-12 | 13-15 | 16-18 || total
-------------------------+-------+-------+-------+-------+-------+-------++-------
Melee: Trident           |   104 |   177 |   298 |    35 |    36 |    33 ||   683
       Halberd           |       |       |    51 |   438 |   493 |       ||   982
       Glaive            |       |       |       |       |   677 |   508 ||  1185
       Tailslap          |       |       |       |       |    42 |    15 ||    57
Throw: Tomahawk          |     4 |     8 |    17 |    16 |    74 |    13 ||   132
       Stone             |     1 |    21 |    10 |     3 |       |       ||    35
       Throwing net      |       |     2 |     1 |     1 |       |       ||     4
       Javelin           |       |       |       |       |    12 |       ||    12
Invok: Recall Ancestor   |       |       |       |     2 |    10 |     7 ||    19
       Ancestor Life: Kn |       |       |       |     1 |       |       ||     1
       Idealise          |       |       |       |       |     5 |     2 ||     7
       Transference      |       |       |       |       |     1 |       ||     1
Evoke: Wand              |       |       |       |     4 |    11 |     5 ||    20
  Use: Scroll            |       |       |    16 |     5 |    19 |     4 ||    44
       Potion            |       |       |       |       |     5 |     3 ||     8
 Stab: Sleeping          |     2 |     1 |     2 |       |       |       ||     5
       Distracted        |     1 |       |     1 |     2 |    15 |     8 ||    27
       Held in net/web   |       |       |     2 |       |       |       ||     2
  Eat: Chunk             |     1 |     7 |     4 |     9 |    33 |     7 ||    61
       Meat ration       |       |       |     1 |     3 |     2 |       ||     6
       Bread ration      |       |       |     1 |       |     1 |       ||     2
       Royal jelly       |       |       |       |       |     2 |     1 ||     3
       Fruit             |       |       |       |       |       |     2 ||     2
Armor: Leather armour    |    19 |    21 |    35 |       |       |       ||    75
       Scale mail        |       |       |    32 |    73 |    15 |       ||   120
       Ring mail         |       |       |       |       |   200 |       ||   200
       Swamp dragon scal |       |       |       |       |     6 |   167 ||   173
Dodge: Dodged            |    53 |    69 |   145 |   207 |   783 |   473 ||  1730
Block: Shield            |       |       |       |     8 |       |       ||     8
